 Dungeon Crawl Stone Soup version 0.28-a0-1395-g4f6bc678fa (webtiles) character file.

Game seed: 1891721703984115106

78 eustatius the Stinger (level 4, -2/24 HPs)
             Began as a Deep Elf Venom Mage on Jan 4, 2022.
             Was a Believer of Fedhas.
             Slain by an orc wizard (3 damage)
             ... on level 3 of the Dungeon.
             The game lasted 00:11:48 (2133 turns).

eustatius the Stinger (Deep Elf Venom Mage)         Turns: 2133, Time: 00:11:49

Health: -2/24      AC:  6    Str:  5    XL:     4   Next: 15%
Magic:  5/12       EV: 12    Int: 22    God:    Fedhas [**....]
Gold:   73         SH:  0    Dex: 15    Spells: 10/11 levels left

rFire   . . .      SeeInvis .   d - +0 dagger
rCold   . . .      Faith    .   (no shield)
rNeg    . . .      Spirit   .   a - +0 robe
rPois   .          Reflect  .   (no helmet)
rElec   .          Harm     .   (no cloak)
rCorr   .          Rampage  .   (no gloves)
Will    .....                   (no boots)
Stlth   ++........              (no amulet)
HPRegen 0.08/turn               b - +4 ring of protection
MPRegen 0.13/turn               (no ring)

@: no status effects
A: no striking features
a: Renounce Religion, Wall of Briars


You were on level 3 of the Dungeon.
You worshipped Fedhas.
Fedhas was pleased with you.
You visited 1 branch of the dungeon, and saw 3 of its levels.

You collected 73 gold pieces.

Inventory:

Hand Weapons
 d - a +0 dagger (weapon)
 k - a +2 vorpal hand axe
 m - a +0 rapier
Missiles
 f - 4 silver boomerangs
 g - 29 poisoned darts
 h - 13 sling bullets
 i - 39 stones
Armour
 a - a +0 robe (worn)
 l - +0 acid dragon scales
Jewellery
 b - a +4 ring of protection (left hand)
 n - an amulet of reflection
Scrolls
 c - a scroll of brand weapon {unknown}
 e - a scroll of enchant weapon {unknown}
 j - a scroll of teleportation {unknown}


   Skills:
 + Level 2.6 Dodging
 + Level 2.7 Stealth
 + Level 4.2 Spellcasting
 + Level 2.0 Transmutations
 + Level 4.2 Poison Magic


You had 10 spell levels left.
You knew the following spells:

 Your Spells              Type           Power      Damage    Failure   Level
a - Sting                 Tmut/Pois      72%        1d6       3%          1

Your spell library contained the following spells:

 Spells                   Type           Power      Damage    Failure   Level
 Poisonous Vapours        Pois/Air       28%        N/A       7%          2
 Mephitic Cloud           Conj/Pois/Air  10%        N/A       19%         3
 Olgreb's Toxic Radiance  Pois           23%        N/A       19%         4


Dungeon Overview and Level Annotations

Branches:
Dungeon (3/15)

Altars:
Fedhas


Message History

Unknown command.
Unknown command.
You're too confused to move!
Something hits you but does no damage.
You feel less confused. Something hits you.
* * * LOW HITPOINT WARNING * * *
Something hits you but does no damage.
Keep disrobing?
You stop removing your armour.
You barely miss something. Something hits you but does no damage.
Casting: Sting (safe; 3% risk of failure)
Confirm with . or Enter, or press ? or * to list all spells.
You can't see any susceptible monsters within range! (Use Z to cast anyway.)
You closely miss something. Something hits you.
* * * LOW HITPOINT WARNING * * *
Casting: Sting (safe; 3% risk of failure)
Confirm with . or Enter, or press ? or * to list all spells.
You can't see any susceptible monsters within range! (Use Z to cast anyway.)
You miss something.
You hear some strange, mumbled words.
A magic dart appears from out of thin air!
The magic dart hits you.
* * * LOW HITPOINT WARNING * * *
Casting: Sting (safe; 3% risk of failure)
Confirm with . or Enter, or press ? or * to list all spells.
You can't see any susceptible monsters within range! (Use Z to cast anyway.)
Casting: Sting (safe; 3% risk of failure)
Confirm with . or Enter, or press ? or * to list all spells.
You don't know that spell.
Unknown command.
Casting: Sting (safe; 3% risk of failure)
Confirm with . or Enter, or press ? or * to list all spells.
You can't see any susceptible monsters within range! (Use Z to cast anyway.)
Casting: Sting (safe; 3% risk of failure)
Confirm with . or Enter, or press ? or * to list all spells.
Aiming: Sting (safe; 3% risk of failure)
Press: ? - help, Shift-Dir - straight line The sting hits something.
Something hits you.
You die...
Fedhas appreciates your contribution to the ecosystem.

## #.#.....
#.#.... #.#...
#....
###...###
#.......#
#.......#
#....{@.#
#..).)..#
#.......#
#)†.....#
#####.......#
#....)......#
#.###.#.#...#
#.#.#.#.#
#.#.....##.###


There were no monsters in sight!

Vanquished Creatures
  An adder (D:2)
  4 dart slugs
  4 orcs (D:3)
  3 ball pythons
  7 endoplasms
  5 giant cockroaches (D:1)
  4 goblins
  3 hobgoblins
  3 kobolds
  2 quokkas
  5 bats
  13 rats
54 creatures vanquished.

Notes
Turn   | Place    | Note
-------+----------+-------------------------------------------
     0 | D:1      | eustatius the Deep Elf Venom Mage began the quest for the
                  | Orb.
     0 | D:1      | Reached XP level 1. HP: 10/10 MP: 6/6
   151 | D:1      | Reached XP level 2. HP: 15/15 MP: 6/8
   597 | D:1      | Found a faded altar of an unknown god.
   622 | D:1      | Prayed at the altar of an unknown god.
   622 | D:1      | Became a worshipper of Fedhas Madash
   622 | D:1      | Reached * piety under Fedhas
   660 | D:1      | Reached XP level 3. HP: 15/19 MP: 5/10
  1881 | D:2      | Reached ** piety under Fedhas
  2095 | D:3      | Reached XP level 4. HP: 18/24 MP: 10/12
  2132 | D:3      | HP: 1/24 [something/magic dart (3)]
  2133 | D:3      | Slain by an orc wizard

Illustrated notes

Levels and vault maps discovered:
D:1:      scummos_arrival_simple_fountains, layout_basic,
          basic_ecumenical_altar, minmay_rat_gold_closets
D:2:      layout_basic
D:3:      layout_basic, uniq_terence, uniq_sigmund

Skill      XL: |  1  2  3 |
---------------+----------+-----
Spellcasting   | 4 |  4.2
Poison Magic   | 4 |  4.2
Transmutations | 2 |  2.0
Dodging        | |  2.6
Stealth        | |  2.7

Action                   |  1- 3 |  4- 6 || total
-------------------------+-------+-------++-------
Melee: Dagger            |     6 |     6 ||    12
 Cast: Sting             |    66 |    10 ||    76
Armor: Robe              |    25 |     6 ||    31
Dodge: Dodged            |    45 |     8 ||    53

Table legend: (Time is in decaauts)
 A = Elapsed time spent in this place.
 B = Non-inter-level travel time spent in this place.
 C = Inter-level travel time spent in this place.
 D = Time resting spent in this place.
 E = Time spent auto-exploring this place.
 F = Levels seen in this place.
 G = Mean time per level.
                   A        B        C        D        E       F      G
               +--------+--------+--------+--------+--------+-----+--------+
         Total |   2131 |   2104 |     27 |      0 |   1227 |   3 |  710.3 |
       Dungeon |   2131 |   2104 |     27 |      0 |   1227 |   3 |  710.3 |
               +--------+--------+--------+--------+--------+-----+--------+

Top non-repeatable levels by time:
     D:2: 1053 daAuts
     D:1: 1028 daAuts
     D:3: 49 daAuts
